 Dungeon Crawl Stone Soup version 0.28-a0-938-gbc3f381ebc (webtiles) character file.

Game seed: 9662142253830076813

641 bande the Covered (level 7, -5/66 HPs)
             Began as a Gargoyle Fighter on Nov 29, 2021.
             Slain by a small abomination (10 damage)
             ... on level 4 of the Dungeon.
             The game lasted 00:06:54 (6485 turns).

bande the Covered (Gargoyle Fighter)                Turns: 6485, Time: 00:06:55

Health: -5/66      AC: 23    Str: 21    XL:     7   Next: 51%
Magic:  7/7        EV:  2    Int:  8    God:
Gold:   155        SH:  4    Dex: 10    Spells: 6/6 levels left

rFire   . . .      SeeInvis .   a - +0 war axe
rCold   . . .      Faith    .   c - +0 buckler
rNeg    + . .      Spirit   .   (armour currently unavailable)
rPois   ∞          Reflect  .   (helmet currently unavailable)
rElec   .          Harm     .   (cloak currently unavailable)
rCorr   .          Rampage  .   (gloves currently unavailable)
Will    .....      NoTele   +   (boots currently unavailable)
Stlth   +.........              (no amulet)
HPRegen 0.21/turn               (no ring)
MPRegen 0.10/turn               (no ring)

@: mighty, tree-form
A: stationary, stasis, torment immunity, boosted hp, sickness immunity, AC +4,
negative energy resistance 1, (electricity resistance), torment resistance 1,
petrification resistance
a: no special abilities


You were on level 4 of the Dungeon.
You were a tree.
You visited 1 branch of the dungeon, and saw 4 of its levels.

You collected 155 gold pieces.

Inventory:

Hand Weapons
 a - a +0 war axe (weapon)
 f - a +0 flail
Armour
 c - a +0 buckler (worn)
 j - a +0 cloak (melded)
 k - a +0 chain mail (melded)
Jewellery
 b - an amulet of regeneration
 l - a ring of wizardry
Wands
 e - a wand of flame (17)
Scrolls
 g - 5 scrolls of identify
 i - a scroll of magic mapping
 n - a scroll of enchant armour {unknown}
 o - 3 scrolls of teleportation
Potions
 d - a potion of might
 h - 2 potions of flight


   Skills:
 + Level 4.7 Fighting
 + Level 5.0 Axes
 + Level 5.8 Armour
 + Level 4.1 Shields
 * Level 0.7 Evocations


You had 6 spell levels left.
You didn't know any spells.
Your spell library contained the following spells:

 Spells                   Type           Power      Damage    Failure   Level
 Animate Skeleton         Necr           0%         N/A       41%         1
 Apportation              Tloc           0%         N/A       41%         1
 Beastly Appendage        Tmut           0%         N/A       41%         1
 Summon Small Mammal      Summ           0%         N/A       41%         1
 Wereblood                Tmut           0%         N/A       54%         2
 Call Canine Familiar     Summ           0%         N/A       78%         3
 Spider Form              Tmut/Pois      0%         N/A       78%         3
 Summon Guardian Golem    Hex/Summ       0%         N/A       78%         3


Dungeon Overview and Level Annotations

Branches:
Dungeon (4/15)
 Temple: D:4-7

Altars:
Ashenzari
Hepliaklqana
Uskayaw
Wu Jian

Shops:
D:3 [   D:4 *

Portals:
Abyss: D:4

Annotations:
D:4 1 transporter, ytrimaz's ghost, amateur DsFi


Innate Abilities, Weirdness & Mutations

You are a tree.
Your roots penetrate the ground, keeping you stationary.
You cannot be teleported.
You are immune to unholy pain and torment.
Your maximum health is greatly increased.
Your equipment is partially melded.
You are immune to sickness and miasma.
((Your stone body is resilient. (AC +4)))
You are immune to poison.
You resist negative energy. (rN+)
((You are resistant to electric shocks. (rElec)))
You are resistant to unholy torment.
You are immune to petrification.


Message History

The small abomination hits you but does no damage.
You feel very mighty all of a sudden.
Ytrimaz's ghost hits you but does no damage.
The small abomination hits you but does no damage.
Unknown command.
You barely miss the small abomination.
The small abomination is heavily damaged.
You closely miss ytrimaz's ghost.
Ytrimaz's ghost hits you but does no damage.
The small abomination hits you but does no damage.
Unknown command.
You slash the small abomination!
The small abomination is almost destroyed.
You slash ytrimaz's ghost! Ytrimaz's ghost hits you.
* * * LOW HITPOINT WARNING * * *
The small abomination hits you.
* * * LOW HITPOINT WARNING * * *
The small abomination hits you.
* * * LOW HITPOINT WARNING * * *
Ytrimaz's ghost hits you but does no damage.
You closely miss the small abomination.
The small abomination is almost destroyed.
You slash ytrimaz's ghost!
The small abomination hits you but does no damage.
You block ytrimaz's ghost's attack.
Unknown command.
You barely miss the small abomination.
The small abomination is almost destroyed.
You closely miss ytrimaz's ghost.
The small abomination hits you but does no damage.
Ytrimaz's ghost hits you.
* * * LOW HITPOINT WARNING * * *
Unknown command.
You closely miss the small abomination.
The small abomination is almost destroyed.
You closely miss ytrimaz's ghost.
The small abomination hits you but does no damage.
Ytrimaz's ghost hits you but does no damage.
The small abomination hits you!
You die...

#..#........##...........#
#..#......©####....###...#
#..#....####..##..##"#...#
.......##......#..#.x#...########
...#...#§.(##.##..##.##..........
.#.##..##...###...##..#..#######.
...##...##..#....##.#.#..# #.
#..##...##..##.###...##..# #.
#......##.#§§###♣x.###...# #.
#..#...#..#^...W##.#.....# #.
#.>#...##.#####K##.##....# #.
#..#....##..#.....#.##...# #.
#..#.....#..#.####.#.##..# #.
#..#....###..##..# .#.#..# #.
#..#....##©###...###©##..# #.
#..#.[..####.......###[..# #.
#.........©..............# #.


You could see a kobold brigand, a small abomination and ytrimaz's ghost.

Vanquished Creatures
  An ogre (D:4)
  2 scorpions (D:4)
  A crimson imp (D:4)
  A centaur skeleton (D:4)
  An orc priest (D:3)
  Crazy Yiuf (D:3)
  2 iguanas (D:4)
  Terence (D:3)
  Natasha (thrice) (D:3)
  An orc wizard (D:3)
  A hound skeleton (D:4)
  5 adders
  2 worms (D:3)
  2 dart slugs
  7 orcs
  9 ball pythons
  7 endoplasms
  3 giant cockroaches
  8 goblins
  9 hobgoblins
  2 quokkas (D:2)
  5 bats
  5 frilled lizards
  2 kobolds
  A rat (D:3)
82 creatures vanquished.

Notes
Turn   | Place    | Note
-------+----------+-------------------------------------------
     0 | D:1      | bande the Gargoyle Fighter began the quest for the Orb.
     0 | D:1      | Reached XP level 1. HP: 14/14 MP: 1/1
   145 | D:1      | Reached XP level 2. HP: 16/19 MP: 2/2
   567 | D:1      | Found a faded altar of an unknown god.
  1099 | D:1      | Reached XP level 3. HP: 22/23 MP: 3/3
  1482 | D:2      | Reached XP level 4. HP: 29/29 MP: 4/4
  2202 | D:3      | Noticed Natasha
  2212 | D:3      | Killed Natasha
  2425 | D:3      | Found a broken altar of Ashenzari.
  2428 | D:3      | Reached XP level 5. HP: 33/33 MP: 5/5
  2558 | D:3      | Noticed Terence
  2565 | D:3      | Killed Terence
  2855 | D:3      | Found a runed translucent door.
  2856 | D:3      | Noticed Crazy Yiuf
  2954 | D:3      | Noticed Natasha
  2958 | D:3      | Found a faded altar of an unknown god.
  3115 | D:3      | Found a faded altar of an unknown god.
  3115 | D:3      | Found a hazy altar of Hepliaklqana.
  3117 | D:3      | Found a faded altar of an unknown god.
  3365 | D:3      | Found an ornate altar of the Wu Jian Council.
  3426 | D:3      | Found Banarphyi's Antique Armour Emporium.
  3481 | D:3      | Killed Natasha
  3690 | D:3      | Noticed Natasha
  3697 | D:3      | Killed Natasha
  4101 | D:3      | Killed Crazy Yiuf
  4102 | D:3      | Reached XP level 6. HP: 9/38 MP: 3/6
  4785 | D:4      | Reached skill level 5 in Armour
  5012 | D:4      | Found a transporter.
  5014 | D:4      | Noticed a +0 hand axe
  5014 | D:4      | Noticed a +0 dagger
  5019 | D:4      | Found a hide-covered altar of Uskayaw.
  5064 | D:4      | Found a one-way gate to the infinite horrors of the Abyss.
  5064 | D:4      | Noticed ytrimaz's ghost (amateur DsFi)
  5073 | D:4      | Found a transporter.
  5224 | D:4      | Reached XP level 7. HP: 44/44 MP: 7/7
  5621 | D:4      | Found Kialloka's Lightly-Used Armoury.
  6455 | D:4      | Reached skill level 5 in Axes
  6485 | D:4      | Slain by a small abomination

Illustrated notes

Levels and vault maps discovered:
D:1:      wander_arrival_chamber, layout_loops_ring,
          chequers_ecumenical_altar_simple
D:2:      layout_loops_ring
D:3:      layout_basic, nicolae_overflow_ecumenical_swirl, lemuel_crystal_altar,
          nicolae_hepliaklqana_ecumenical_no_more, serial_shops,
          nicolae_shop_waterfront, minivault_19, uniq_crazy_yiuf_cottage,
          uniq_terence, uniq_natasha
D:4:      layout_basic, dancing_weapons_uskayaw, gammafunk_ghost_abyssal_escape,
          grunt_ministairs_13, minmay_shop_damaged

Skill      XL: |  1  2  3  4  5  6  7 |
---------------+----------------------+-----
Axes           | 2 3 4 5 |  5.0
Armour         | 4 5 |  5.8
Fighting       | 4 |  4.7
Shields        | 4 |  4.1
Evocations     | |  0.7

Action                   |  1- 3 |  4- 6 |  7- 9 || total
-------------------------+-------+-------+-------++-------
Melee: War axe           |    96 |   212 |    69 ||   377
  Use: Scroll            |     1 |     5 |       ||     6
       Potion            |       |       |     2 ||     2
Armor: Scale mail        |    77 |    71 |       ||   148
       Chain mail        |       |    53 |    34 ||    87
       Skin              |       |       |    10 ||    10
Dodge: Dodged            |    66 |    86 |    20 ||   172
Block: Buckler           |    28 |    37 |    15 ||    80

Table legend: (Time is in decaauts)
 A = Elapsed time spent in this place.
 B = Non-inter-level travel time spent in this place.
 C = Inter-level travel time spent in this place.
 D = Time resting spent in this place.
 E = Time spent auto-exploring this place.
 F = Levels seen in this place.
 G = Mean time per level.
                   A        B        C        D        E       F      G
               +--------+--------+--------+--------+--------+-----+--------+
         Total |   6621 |   6554 |     67 |   2260 |   3230 |   4 | 1655.2 |
       Dungeon |   6621 |   6554 |     67 |   2260 |   3230 |   4 | 1655.2 |
               +--------+--------+--------+--------+--------+-----+--------+

Top non-repeatable levels by time:
     D:3: 2754 daAuts
     D:4: 1552 daAuts
     D:1: 1251 daAuts
     D:2: 1062 daAuts
